 Dungeon Crawl Stone Soup version 0.19.0-2-gae57169 (webtiles) character file.

39 Charmandara the Digger (level 3, 16/28 HPs)
             Began as a Deep Dwarf Earth Elementalist on Nov 5, 2016.
             Quit the game on level 2 of the Dungeon.
             The game lasted 00:02:49 (577 turns).

Charmandara the Digger (DDEE)                        Turns: 577, Time: 00:02:49

Health: 16/28      AC:  2    Str: 11    XL:     3   Next: 26%
Magic:  1/6        EV: 12    Int: 16    God:
Gold:   87         SH:  0    Dex: 13    Spells: 1 memorised, 5 levels left

rFire  . . .     SeeInvis .     b - 48 stones
rCold  . . .     Gourm    .     c - +0 robe
rNeg   . . .     Faith    .     (no shield)
rPois  .         Spirit   .     (no helmet)
rElec  .         Reflect  .     (no cloak)
rCorr  .         Harm     .     (no gloves)
MR     .....                    (no boots)
Stlth  ++........               (no amulet)
                                (no ring)
                                (no ring)

@: non-regenerating
A: damage resistance, recharge devices, sense surroundings 1, slow regeneration
3
a: Device Recharging


You were on level 2 of the Dungeon.
You were not hungry.

You visited 1 branch of the dungeon, and saw 2 of its levels.

You collected 87 gold pieces.

Inventory:

Hand Weapons
 a - a +0 hand axe
Missiles
 b - 48 stones (in hand)
Armour
 c - a +0 robe (worn)
Wands
 d - a wand of heal wounds (5/9)
Scrolls
 i - a scroll of random uselessness {unknown}
 l - a scroll of identify {unknown}
 m - a scroll of remove curse {unknown}
 n - a scroll of fog {unknown}
Potions
 h - a potion of lignification {unknown}
 j - 2 potions of curing {unknown}
 k - a potion of flight {unknown}
Books
 e - a book of Geomancy

   Spells                             Type                      Level
   a - Sandblast                      Earth                        1
   b - Passwall                       Transmutation/Earth          2
   c - Stone Arrow                    Conjuration/Earth            3
   d - Petrify                        Transmutation/Earth          4
   e - Lee's Rapid Deconstruction     Earth                        5
Comestibles
 f - a bread ration
 g - 3 chunks of flesh
 o - a slice of pizza


   Skills:
 - Level 0.2 Axes
 - Level 2.1 Dodging
 - Level 2.4 Stealth
 + Level 2.1 Spellcasting
   Level 0.8 Transmutations
 * Level 5.4 Earth Magic


You had 5 spell levels left.
You knew the following spells:

 Your Spells              Type           Power        Failure   Level  Hunger
a - Sandblast             Erth           ###...       2%          1    #......


Dungeon Overview and Level Annotations

Branches:
Dungeon (2/15)

Altars:


Innate Abilities, Weirdness & Mutations

You are resistant to damage.
You can recharge devices by infusing magical energy.
You passively map a small area around you.
You do not regenerate.


Message History

You feel clever.
An adder comes into view.
You see here a frilled lizard corpse.
You butcher the frilled lizard corpse.
The adder bites you but does no damage.
You see here a chunk of flesh.
Casting: Sandblast
Confirm with . or Enter, or press ? or * to list all spells.
Aiming: Sandblast
Press: ? - help, Shift-Dir - straight line, f - adder
Aim: an adder The rocky blast hits the adder.
You kill the adder!
Unknown command.
Casting: Sandblast
Confirm with . or Enter, or press ? or * to list all spells.
Okay, then.
A frilled lizard and a leopard gecko come into view.
You see here a chunk of flesh.
There are monsters nearby!
Are you sure you want to abandon this character and quit the game? (Confirm with "yes".)

...........# #####
.........รท.####...##
**
....)........#.....##
..##.....###.......(#
#######.##
#........### #...
##.........## ,
#...####....!.....
#............###. ,
#...#.....@..#
....#......# , *
...........# ,
.######.....l *,
##...#.l , * ##..#$?#
* #..# ## * * .... *
,* *


You could see a leopard gecko (wandering) and a frilled lizard (wandering).

Vanquished Creatures
  2 adders (D:2)
  A dart slug (D:1)
  A leopard gecko (D:1)
  2 goblins (D:1)
  2 hobgoblins
  4 jackals (D:1)
  A bat (D:1)
  A frilled lizard (D:2)
  5 rats
19 creatures vanquished.

Notes
Turn   | Place    | Note
-------+----------+-------------------------------------------
     0 | D:1      | Charmandara the Deep Dwarf Earth Elementalist began the quest for the Orb.
     0 | D:1      | Reached XP level 1. HP: 15/15 MP: 3/3
   218 | D:1      | Reached XP level 2. HP: 16/22 MP: 1/4
   477 | D:1      | Reached skill level 5 in Earth Magic
   571 | D:2      | Reached XP level 3. HP: 16/28 MP: 2/6
   577 | D:2      | Quit the game

Skill      XL: |  1  2 |
---------------+-------+-----
Earth Magic    | 5 |  5.4
Spellcasting   | 2 |  2.1
Axes           | |  0.2
Dodging        | |  2.1
Stealth        | |  2.4
Transmutations | |  0.8

Action                   || total
-------------------------++-------
Melee: Hand axe          ||    18
 Cast: Sandblast         ||    18
 Stab: Sleeping          ||     1
Armor: Robe              ||     6
Dodge: Dodged            ||    16
